 Dungeon Crawl Stone Soup version 0.29.1-15-g9cfb28693d (webtiles) character file.

Game seed: 17160350399715919201

1080 nnnnnd the Summoner (level 8, -4/55 HPs)
             Began as a Barachi Summoner on Mar 18, 2024.
             Was a Believer of Wu Jian.
             Slain by a killer bee (5 damage)
             ... on level 5 of the Dungeon.
             The game lasted 00:58:32 (6122 turns).

nnnnnd the Summoner (Barachi Summoner)              Turns: 6122, Time: 00:58:32

Health: -4/55      AC: 10    Str: 13 (14) XL:     8   Next: 29%
Magic:  2/11       EV: 13    Int: 17      God:    Wu Jian [**....]
Gold:   278        SH:  0    Dex: 10 (11) Spells: 5/12 levels left

rFire   + . .      SeeInvis .   k - +2 dagger (drain)
rCold   . . .      Faith    .   (no shield)
rNeg    . . .      Spirit   .   P - +2 leather armour {rF+}
rPois   .          Reflect  .   (no helmet)
rElec   .          Harm     .   g - +0 cloak
rCorr   .          Rampage  .   (no gloves)
Will    .....                   (no boots)
Stlth   +.........              t - amulet of the acrobat
HPRegen 0.18/turn               v - +4 ring of protection
MPRegen 0.12/turn               (no ring)

@: lethally poisoned (-4 -> -10), about to teleport, slow
A: amphibious, slowness 1, strong legs 1, +LOS, strong 1, inability to drink
after injury 1
a: Hop, Renounce Religion, Wall Jump


You were on level 5 of the Dungeon.
You worshipped Wu Jian.
Wu Jian was pleased with you.
You visited 1 branch of the dungeon, and saw 5 of its levels.

You collected 278 gold pieces.

Inventory:

Hand Weapons
 b - a +0 scythe
 e - a +0 club
 f - a +0 dagger
 h - a +0 dagger
 i - a +0 spear
 k - a +2 dagger of draining (weapon)
 l - a +0 trident
 o - a +0 dagger
 u - a +0 club
 w - a +0 spear
 x - a +0 whip
 y - a +0 flail
 z - a +0 sling
 E - a +0 dagger
 H - a +0 short sword
Missiles
 d - 25 stones
 K - 3 silver javelins
Armour
 a - a +0 robe
 g - a +0 cloak (worn)
 n - a +0 chain mail
 s - a +0 robe
 F - a +0 scale mail
 I - a +0 tower shield
 P - a +2 leather armour of fire resistance (worn)
 Q - a +0 chain mail
Jewellery
 t - an amulet of the acrobat (around neck)
 v - a +4 ring of protection (left hand)
Wands
 M - a wand of roots (14)
Scrolls
 j - 2 scrolls of vulnerability
 m - a scroll of poison
 p - a scroll of magic mapping
 q - 2 scrolls of identify {unknown}
 B - a scroll of torment {unknown}
 C - a scroll of teleportation
 D - a scroll of enchant weapon {unknown}
 G - a scroll of noise
 L - a scroll of blinking
 O - a scroll of amnesia {unknown}
Potions
 c - 2 potions of brilliance
 r - 4 potions of attraction
 A - a potion of haste
 J - a potion of magic


   Skills:
 * Level 1.7 Fighting
 - Level 1.2 Short Blades
 * Level 3.6 Armour
 * Level 7.7 Dodging
 - Level 1.7 Stealth
 - Level 2.5 Spellcasting
 + Level 11.0 Summonings
 * Level 3.3 Air Magic


You had 5 spell levels left.
You knew the following spells:

 Your Spells              Type           Power      Damage    Failure   Level
a - Summon Small Mammal   Summ           100%       N/A       1%          1
b - Call Imp              Summ           39%        N/A       1%          2
c - Summon Lightning Spi  Summ/Air       26%        N/A       12%         4

Your spell library contained the following spells:

 Spells                   Type           Power      Damage    Failure   Level
 Call Canine Familiar     Summ           39%        N/A       1%          3
 Summon Guardian Golem    Hex/Summ       20%        N/A       7%          3
 Sublimation of Blood     Necr           2%         N/A       34%         2
 Dazzling Flash           Conj/Hex       4%         N/A       56%         3
 Petrify                  Tmut/Erth      2%         N/A       92%         4
 Silence                  Hex/Air        3%         N/A       97%         5
 Agony                    Necr           2%         N/A       99%         5
 Irradiate                Conj/Tmut      1%         3d12      99%         5


Dungeon Overview and Level Annotations

Branches:
Dungeon (5/15)
 Temple: D:4-7

Altars:
Wu Jian
Zin


Innate Abilities, Weirdness & Mutations

You are amphibious.
You cover ground slowly.
You can hop short distances.
You have an extended range of vision and can be seen from far away.
Your muscles are strong. (Str +4, Int/Dex -1)
You occasionally lose the ability to drink potions when taking damage.


Message History

The killer bee stings you but does no damage.
The killer bee stings you.
Your crimson imp hits the killer bee.
Casting: Call Imp (safe; 1% risk of failure)
Confirm with . or Enter, or press ? or * to list all spells.
You don't know that spell.
Casting: Call Imp (safe; 1% risk of failure)
Confirm with . or Enter, or press ? or * to list all spells.
You feel sick. The killer bee stings you.
You are more poisoned.
The killer bee poisons you! The killer bee stings you.
The killer bee closely misses you.
The killer bee stings you but does no damage.
Your crimson imp closely misses the killer bee.
You are too injured to fight recklessly!
You are too injured to fight recklessly!
You are too injured to fight recklessly!
You are too injured to fight recklessly!
You closely miss the killer bee.
You feel very sick.
The killer bee stings your lightning spire but does no damage.
The killer bee misses you.
The killer bee stings you but does no damage.
Your lightning spire shoots out a bolt of lightning at the killer bee!
The bolt of electricity hits the killer bee!
The killer bee dies!
The Council accepts your kill. The killer bee misses you.
The killer bee stings you!
You miss the killer bee.
You feel sick.
Your lightning spire disappears in a puff of smoke!
The killer bee closely misses you. The killer bee stings you.
* * * LOW HITPOINT WARNING * * *
Your crimson imp hits the killer bee but does no damage.
Your quokka misses the killer bee. The killer bee stings you!
* * * LOW HITPOINT WARNING * * *
The killer bee stings you but does no damage.
As you read the scroll labelled BINYCW URGHOJE, it crumbles to dust.
You feel strangely unstable.
It was a scroll of teleportation.
* * * LOW HITPOINT WARNING * * *
You feel sick. The killer bee misses you. The killer bee stings you.
You die...

#......^..^..........#.##)
#........^.....^.....#.#.#
#....^...............##...
#....^...............##...
#......^.............##...
#....#....^.^........*.#.#
#....#...............#.##.
######...............#.*,.
#...@...........#.,*.
#.5yyr..........#.,*#
#...............#.,*,
#...............*,*,,
#....†..........+,**,
#....§..........***,*
#...............,*,,,
#...............,*,,,
#...............,*,,,


You could see 2 killer bees, a friendly crimson imp (summoned) and a friendly
quokka (summoned).

Vanquished Creatures
  2 iguanas (D:4)
  5 adders
  An ufetubus (D:4)
  2 dart slugs
  2 giant cockroaches
  5 goblins
  A hobgoblin (D:2)
  A jackal (D:5)
  A quokka (D:4)
  A bat (D:2)
  4 rats
25 creatures vanquished.

Vanquished Creatures (collateral kills)
  Grinder (D:4)
  Sigmund (D:2)
  2 ogres (D:5)
  A scorpion (D:5)
  3 killer bees (D:5)
  A hound (D:4)
  Robin (D:2)
  7 gnolls
  5 adders
  An ufetubus (D:5)
  A worm (D:2)
  An orc (D:4)
  2 bats (D:2)
  6 endoplasms
  14 goblins
  6 hobgoblins
  A jackal (D:5)
  6 quokkas
  A ball python (D:3)
  A frilled lizard (D:1)
  7 kobolds
  6 rats
75 creatures vanquished.

Vanquished Creatures (others)
  A fungus (D:2)
  4 plants (D:2)
5 creatures vanquished.

Grand Total: 105 creatures vanquished

Notes
Turn   | Place    | Note
-------+----------+-------------------------------------------
     0 | D:1      | nnnnnd the Barachi Summoner began the quest for the Orb.
     0 | D:1      | Reached XP level 1. HP: 13/13 MP: 3/3
    45 | D:1      | Reached skill level 5 in Summonings
   518 | D:1      | Reached XP level 2. HP: 13/19 MP: 1/5
   532 | D:1      | Learned a level 2 spell: Call Imp
   954 | D:1      | Reached skill level 9 in Summonings
   954 | D:1      | Reached XP level 3. HP: 24/24 MP: 6/6
  1278 | D:1      | Gained mutation: You occasionally lose the ability to drink
                  | potions when taking damage. [potion of mutation]
  1278 | D:1      | Gained mutation: Your muscles are strong. (Str +4, Int/Dex
                  | -1) [potion of mutation]
  2159 | D:2      | Reached XP level 4. HP: 30/30 MP: 5/7
  2186 | D:2      | Learned a level 4 spell: Summon Lightning Spire
  2592 | D:2      | Noticed Sigmund
  2617 | D:2      | Killed Sigmund
  2618 | D:2      | Reached skill level 1 in Short Blades
  2618 | D:2      | Reached skill level 1 in Armour
  2618 | D:2      | Reached XP level 5. HP: 20/35 MP: 3/8
  2618 | D:2      | Reached XP level 6. HP: 24/41 MP: 3/9
  2894 | D:2      | Noticed Robin
  2895 | D:2      | Killed Robin
  3028 | D:2      | Reached skill level 10 in Summonings
  3044 | D:2      | Found a faded altar of an unknown god.
  3048 | D:2      | Prayed at the altar of an unknown god.
  3048 | D:2      | Became a worshipper of the Wu Jian Council
  3048 | D:2      | Reached * piety under Wu Jian
  4111 | D:3      | Found a glowing silver altar of Zin.
  4466 | D:4      | Noticed Grinder
  4474 | D:4      | Paralysed by Grinder for 2 turns
  4481 | D:4      | Killed Grinder
  4482 | D:4      | Reached XP level 7. HP: 47/47 MP: 3/10
  4848 | D:4      | Reached ** piety under Wu Jian
  5689 | D:5      | Entered Level 5 of the Dungeon
  5931 | D:5      | Reached skill level 1 in Fighting
  5941 | D:5      | Reached XP level 8. HP: 35/54 MP: 4/11
  6115 | D:5      | Reached skill level 11 in Summonings
  6121 | D:5      | HP: 2/55 [killer bee (7)]
  6122 | D:5      | Slain by a killer bee

Illustrated notes

Levels and vault maps discovered:
D:1:      psy_arrival_terrarium, layout_loops_ring, minmay_rat_gold_closets
D:2:      layout_basic, shapermc_ecumenical_altar_hornbeckon, hex_medium,
          uniq_sigmund, uniq_robin
D:3:      layout_basic, overflow_temple_1_default
D:4:      layout_gridville, uniq_grinder
D:5:      nicolae_cairo_tiling, layout_gridville, nemelex_spade_bored_becter,
          chequers_temple_overflow_statue_of_worship, gup_sewer_entry_bubbles,
          minmay_holes

Skill      XL: |  1  2  3  4  5  6  7  8 |
---------------+-------------------------+-----
Summonings     | 5 9 10 11 | 11.0
Dodging        | 7 |  7.7
Short Blades   | 1 |  1.2
Armour         | 1 2 3 |  3.6
Air Magic      | 2 3 |  3.3
Fighting       | 1 |  1.7
Stealth        | |  1.7
Spellcasting   | |  2.5

Action                   |  1- 3 |  4- 6 |  7- 9 || total
-------------------------+-------+-------+-------++-------
Melee: Spear             |    28 |       |       ||    28
       Dagger            |       |    16 |    75 ||    91
 Cast: Summon Small Mamm |    26 |     4 |     8 ||    38
       Call Imp          |    15 |     8 |    12 ||    35
       Summon Lightning  |       |    16 |     9 ||    25
Invok: Whirlwind         |       |     4 |     6 ||    10
       Lunge             |       |     3 |     5 ||     8
  Use: Potion            |     7 |     2 |     4 ||    13
       Scroll            |     2 |     3 |     2 ||     7
 Stab: Sleeping          |       |     1 |     1 ||     2
Armor: Robe              |    13 |       |    20 ||    33
       Skin              |       |     9 |       ||     9
       Leather armour    |       |       |    19 ||    19
Dodge: Dodged            |    37 |    32 |    95 ||   164
